 Dungeon Crawl Stone Soup version 0.25.0-26-g0c896c7088 (webtiles) character file.

Game seed: 8832629598958335028

10441 xccam the Grappler (level 11, -6/86 HPs)
             Began as a Red Draconian Transmuter on June 30, 2020.
             Was a Believer of Vehumet.
             Mangled by an orc warrior
             ... wielding a +0 short sword
              (17 damage)
             ... on level 10 of the Dungeon.
             The game lasted 00:25:58 (12438 turns).

xccam the Grappler (Red Draconian Transmuter)      Turns: 12438, Time: 00:25:59

Health: -6/86      AC:  7    Str: 13    XL:     11   Next: 36%
Magic:  14/15      EV: 21    Int: 16    God:    Vehumet [**....]
Gold:   271        SH:  0    Dex: 12    Spells: 12/16 levels left

rFire    + . .     SeeInvis .     - Unarmed
rCold    . . .     Gourm    .   (no shield)
rNeg     . . .     Faith    .   (armour unavailable)
rPois    .         Spirit   .   (helmet restricted)
rElec    .         Reflect  .   (no cloak)
rCorr    .         Harm     .   (no gloves)
MR       .....     Clarity  +   (no boots)
Stlth    +.........             (no amulet)
HPRegen  0.24/turn              g - +4 ring of evasion
MPRegen  0.14/turn              s - ring of wizardry

@: short of breath, appendage
A: breathe fire, unfitting armour, fangs 1, horns 2, clarity, fire resistance 1,
cold-blooded, AC +7
a: Breathe Fire, End Transformation, Renounce Religion


You were on level 10 of the Dungeon.
You worshipped Vehumet.
Vehumet was pleased with you.
You were not hungry.
You had grown temporary horns.
You visited 2 branches of the dungeon, and saw 11 of its levels.

You collected 545 gold pieces.
You spent 274 gold pieces at shops.

Inventory:

Hand Weapons
 b - the +3 hunting sling of Jaxuipun {flame, *Slow Int+3 Dex+3 Stlth+}
   (You bought it in a shop on level 5 of the Dungeon)

   It causes projectiles fired from it to burn those they strike, causing extra
   injury to most foes and up to half again as much damage against particularly
   susceptible opponents.
   It affects your intelligence (+3).
   It affects your dexterity (+3).
   It may slow you when you take damage.
   It makes you more stealthy.
Missiles
 a - 145 arrows
 x - 16 sling bullets (quivered)
 y - 151 stones
Jewellery
 g - a +4 ring of evasion (left hand)
 s - a ring of wizardry (right hand)
 A - a +6 ring of strength
 G - a cursed ring of teleportation
Wands
 p - a wand of random effects (10)
 v - a wand of enslavement (10)
 D - a wand of flame (50)
Scrolls
 d - 6 scrolls of remove curse
 f - 4 scrolls of amnesia
 i - a scroll of fear
 j - 7 scrolls of teleportation {unknown}
 k - a scroll of fog {unknown}
 n - 3 scrolls of enchant armour {unknown}
 u - 2 scrolls of blinking {unknown}
 w - a scroll of silence {unknown}
 C - 4 scrolls of immolation {unknown}
Potions
 e - 2 potions of brilliance
 l - 4 potions of curing
 m - a potion of stabbing
 o - a potion of haste
 q - a potion of mutation
 t - 3 potions of invisibility
 z - a potion of berserk rage
 B - a potion of magic {unknown}
 F - a potion of cancellation {unknown}
Comestibles
 c - 9 rations
 h - a chunk of flesh


   Skills:
 - Level 5.0 Fighting
 - Level 5.0 Slings
 - Level 9.0 Dodging
 - Level 11.0 Unarmed Combat
 - Level 3.0 Spellcasting
 - Level 5.0 Transmutations
 + Level 6.5 Earth Magic


You had 12 spell levels left.
You knew the following spells:

 Your Spells              Type           Power        Failure   Level  Hunger
a - Beastly Appendage     Tmut           ###...       1%          1    #......
b - Sticks to Snakes      Tmut           ###.....     1%          2    ##.....
c - Sandblast             Erth           ###...       1%          1    #......

Your spell library contained the following spells:

 Spells                   Type           Power        Failure   Level  Hunger
 Magic Dart               Conj           #...         8%          1    #......
 Petrify                  Tmut/Erth      ###.....     7%          4    #####..
 Spider Form              Tmut/Pois      ##........   9%          3    ###....
 Confusing Touch          Hex            #.......     22%         3    ###....
 Gell's Gravitas          Tloc           #.........   22%         3    ###....
 Ice Form                 Ice/Tmut       ##......     26%         4    #####..
 Blade Hands              Tmut           ###.......   26%         5    ######.
 Yara's Violent Unravell  Hex/Tmut       ##........   56%         5    ######.
 Metabolic Englaciation   Hex/Ice        #.........   87%         5    ######.


Dungeon Overview and Level Annotations

Branches:
Dungeon (10/15)            Temple (1/1) D:5
   Lair: D:8-11         Orc: D:9-12

Altars:
Ashenzari
Cheibriados
Dithmenos
Elyvilon
Fedhas
Gozag
Hepliaklqana
Kikubaaqudgha
Makhleb
Nemelex Xobeh
Okawaru
Qazlal
Ru
Sif Muna
Trog
Uskayaw
Vehumet
Wu Jian
Xom
Yredelemnul
Zin
The Shining One

Shops:
D:5 (   D:8 %   D:10 *


Innate Abilities, Weirdness & Mutations

You can breathe blasts of fire.
Your fiery red scales are hard. (AC +7)
You cannot fit into any form of body armour.
Your flesh is heat resistant. (rF+)
You are cold-blooded and may be slowed by cold attacks.
You have very sharp teeth.
You have a pair of horns on your head.
You possess an exceptional clarity of mind.


Message History

You bite the orc warrior, but do no damage.
The orc warrior is almost dead.
The orc warrior hits you with a +0 short sword.
* * * LOW HITPOINT WARNING * * *
You closely miss the orc warrior.
Your tail-slap misses the orc warrior.
The orc warrior is almost dead.
An orc comes into view. It is wielding a +0 short sword.
The orc warrior completely misses you.
Casting: Beastly Appendage (safe; 1% risk of failure)
Confirm with . or Enter, or press ? or * to list all spells.
You grow a pair of large bovine horns.
The orc shouts!
The orc warrior hits you with a +0 short sword!
* * * LOW HITPOINT WARNING * * *
You closely miss the orc warrior.
Your tail-slap misses the orc warrior.
The orc warrior is almost dead.
You hit the orc warrior but do no damage.
The orc warrior is almost dead.
The orc warrior hits you with a +0 short sword!
You die...

#.# #.# #.# #†# #####'###
#.......# #.......#
##+########## #.......#
####.(.........#
+....[..#####.@o(.°..(.....#
#......(()....##...........#
#.......########.o((....[..#
##+###### ####(########
##.∩# #...# #.###
####)####### ###..........#


You could see an orc warrior and an orc.

Vanquished Creatures
  5 two-headed ogres
  An unseen horror (D:10)
  Pikel (D:8)
  4 hippogriffs
  6 yaks
  A steam dragon (D:8)
  The ghost of Jaiteiro the Shield-Bearer, an amateur OpFi (D:3)
  3 ice beasts
  A black bear (D:10)
  2 orc warriors
  2 phantoms
  3 sky beasts (D:7)
  4 ogres
  4 centaurs
  A big kobold (D:8)
  3 bullfrogs
  2 gnoll sergeants
  A wyvern skeleton (D:6)
  3 scorpions
  2 electric eels (D:9)
  10 wights
  4 howler monkeys
  4 crimson imps
  2 bullfrog zombies (D:5)
  9 hounds
  2 quasits
  6 orc priests
  3 jellies
  A centaur skeleton (D:5)
  3 bullfrog skeletons
  8 orc wizards
  4 worker ants
  4 iguanas
  A hound zombie (D:6)
  A hound skeleton (D:6)
  A worker ant zombie (D:9)
  14 adders
  11 gnolls
  2 shadow imps (D:6)
  3 oozes
  2 adder zombies
  3 worms
  2 dart slugs
  7 leopard geckos
  39 orcs
  2 giant cockroaches (D:3)
  10 goblins
  10 hobgoblins
  4 jackals
  4 quokkas
  2 ball pythons
  7 bats
  6 frilled lizards
  14 kobolds
  A leopard gecko skeleton (D:8)
  2 quokka skeletons
  6 rats
264 creatures vanquished.

Vanquished Creatures (others)
  A bullfrog zombie (D:8)
  3 plants (D:10)
4 creatures vanquished.

Grand Total: 268 creatures vanquished

Notes
Turn   | Place    | Note
-------+----------+-------------------------------------------
     0 | D:1      | xccam the Draconian Transmuter began the quest for the Orb.
     0 | D:1      | Reached XP level 1. HP: 16/16 MP: 3/3
   234 | D:1      | Reached XP level 2. HP: 19/23 MP: 5/5
   972 | D:2      | Reached skill level 4 in Unarmed Combat
  1272 | D:2      | Reached XP level 3. HP: 28/28 MP: 6/6
  1345 | D:2      | Learned a level 2 spell: Sticks to Snakes
  1838 | D:3      | Found a runed translucent door.
  1849 | D:3      | Noticed Jaiteiro's ghost (amateur OpFi)
  1870 | D:3      | Reached XP level 4. HP: 33/35 MP: 5/7
  1874 | D:3      | Reached skill level 5 in Unarmed Combat
  2830 | D:3      | Reached skill level 6 in Unarmed Combat
  2830 | D:3      | Reached XP level 5. HP: 31/40 MP: 6/8
  3431 | D:3      | HP: 2/40 [orc/+0 hand axe (5)]
  3434 | D:3      | Gained mutation: You have very sharp teeth. [potion of
                  | mutation]
  3434 | D:3      | Gained mutation: You possess an exceptional clarity of
                  | mind. [potion of mutation]
  3729 | D:3      | Killed Jaiteiro's ghost
  3729 | D:3      | Reached skill level 7 in Unarmed Combat
  3729 | D:3      | Reached XP level 6. HP: 33/47 MP: 2/9
  4398 | D:4      | Your scales start taking on a fiery red colour.
  4398 | D:4      | Reached XP level 7. HP: 45/55 MP: 5/11
  4398 | D:4      | Gained mutation: Your flesh is heat resistant. (rF+) [Red
                  | Draconian growth]
  4575 | D:4      | Found an ancient bone altar of Kikubaaqudgha.
  4787 | D:5      | Entered Level 5 of the Dungeon
  5119 | D:5      | Reached XP level 8. HP: 35/61 MP: 12/12
  5264 | D:5      | Reached skill level 5 in Dodging
  5265 | D:5      | Noticed a two-headed ogre
  5267 | D:5      | Found Mealeheg's Antique Weapon Boutique.
  5308 | D:5      | Killed a two-headed ogre
  5683 | D:5      | Found a staircase to the Ecumenical Temple.
  5691 | Temple   | Entered the Ecumenical Temple
  5858 | D:5      | Reached skill level 8 in Unarmed Combat
  6263 | D:5      | Bought a translucent hunting sling for 208 gold pieces
  6263 | D:5      | Identified the cursed +3 hunting sling of Jaxuipun {flame,
                  | *Slow Int+3 Dex+3 Stlth+} (You bought it in a shop on level
                  | 5 of the Dungeon)
  6397 | D:6      | Reached skill level 1 in Slings
  6403 | D:6      | Reached XP level 9. HP: 57/72 MP: 11/13
  6718 | D:6      | Found a shimmering altar of Xom.
  7175 | D:6      | Reached skill level 5 in Slings
  7693 | D:7      | Found a hide-covered altar of Uskayaw.
  7736 | D:7      | Reached skill level 5 in Fighting
  8698 | D:7      | Found a burning altar of Makhleb.
  8709 | D:7      | Reached skill level 9 in Unarmed Combat
  8874 | D:8      | Found a radiant altar of Vehumet.
  8910 | D:8      | Became a worshipper of Vehumet
  8972 | D:8      | Noticed Pikel
  8989 | D:8      | Killed Pikel
  8989 | D:8      | Reached XP level 10. HP: 71/81 MP: 12/14
  9109 | D:8      | Found Peoskaur's Food Boutique.
 10001 | D:8      | Reached skill level 10 in Unarmed Combat
 10117 | D:9      | Reached * piety under Vehumet
 10117 | D:9      | Offered knowledge of Sandblast by Vehumet.
 10123 | D:9      | Learned a level 1 spell: Sandblast
 10164 | D:9      | Reached skill level 1 in Earth Magic
 10801 | D:9      | Noticed a two-headed ogre
 10817 | D:9      | Killed a two-headed ogre
 10817 | D:9      | Reached skill level 5 in Transmutations
 10954 | D:9      | Noticed a two-headed ogre
 10965 | D:9      | Killed a two-headed ogre
 10965 | D:9      | Reached XP level 11. HP: 27/86 MP: 8/15
 11754 | D:10     | Entered Level 10 of the Dungeon
 11760 | D:10     | Offered knowledge of Magic Dart by Vehumet.
 11809 | D:10     | Reached ** piety under Vehumet
 11834 | D:10     | Noticed a two-headed ogre
 11840 | D:10     | Killed a two-headed ogre
 11840 | D:10     | Reached skill level 11 in Unarmed Combat
 11943 | D:10     | Found Borphevo's Assorted Antiques.
 11949 | D:10     | Bought a scroll of identify for 66 gold pieces
 11965 | D:10     | Noticed a two-headed ogre
 11983 | D:10     | Killed a two-headed ogre
 11983 | D:10     | Reached skill level 5 in Earth Magic
 12346 | D:10     | Killed an unseen horror
 12438 | D:10     | Mangled by an orc warrior

Illustrated notes

Levels and vault maps discovered:
D:1:      minmay_arrival_plants_in_alcoves, layout_loops_corners
D:2:      layout_loops_ring, feat_on_display
D:3:      layout_basic, first_ration, ebering_ghost_reflecting_pool,
          serial_corexii_hall, corexii_hall_statues_i, chequers_hall_statues_y,
          minmay_goblin_outpost
D:4:      layout_rooms, kiku_gazebo_garden_becter
D:5:      layout_loops_ring, minmay_temple_entry_mist, serial_shops,
          kennysheep_mini_moat, serial_park_tiny_1,
          chequers_serial_rivers_small_3
D:6:      layout_rooms, basic_altar, serial_co_window_serial, co_window_paths_b,
          co_window_paths_b, co_window_paths_a, co_window_cross_1,
          co_window_of_opportunity_a, co_window_paths_a, co_window_cross_1,
          co_window_corner_a, co_window_paths_b, co_window_corner_b,
          co_window_broadway_a, co_window_of_opportunity_c, co_window_4corner_b,
          glass_columns_a, glass_columns_c, glass_columns_a, glass_columns_b
D:7:      layout_basic, overflow_temple_1_default, marbit_many_paths
D:8:      layout_basic, fiery_altar_vehumet, serial_shops, nicolae_shop_trees,
          uniq_pikel
D:9:      layout_rooms, serial_bayou, serial_bayou_shore_a, serial_bayou_pond_d,
          serial_bayou_pond_e, serial_bayou_crossing
D:10:     layout_roguey, dpeg_oklobed_lair, david_orc_4, serial_shops, shop
Temple:   regret_index_temple_mists

Skill      XL: |  1  2  3  4  5  6  7  8  9 10 11 |
---------------+----------------------------------+-----
Unarmed Combat | 4 6 7 8 9 10 11 | 11.0
Dodging        | 2 4 6 7 9 |  9.0
Fighting       | 2 4 5 |  5.0
Transmutations | 3 4 5 |  5.0
Spellcasting   | 3 |  3.0
Slings         | 1 5 |  5.0
Earth Magic    | 3 6 |  6.5

Action                   |  1- 3 |  4- 6 |  7- 9 | 10-12 || total
-------------------------+-------+-------+-------+-------++-------
Melee: Unarmed           |   138 |   229 |   430 |   176 ||   973
       Tailslap          |     9 |    20 |    44 |    28 ||   101
       Punch             |     2 |     3 |    14 |     5 ||    24
       Kick              |     2 |     8 |    13 |     8 ||    31
       Headbutt          |       |    10 |     8 |     6 ||    24
       Bite              |       |     5 |    47 |    19 ||    71
       Hunting sling     |       |       |       |     1 ||     1
 Fire: Hunting sling     |       |       |    61 |   184 ||   245
 Cast: Beastly Appendage |     3 |    13 |     8 |     6 ||    30
       Sticks to Snakes  |       |     3 |     1 |     3 ||     7
       Sandblast         |       |       |       |    11 ||    11
 Abil: Breathe Fire      |       |       |    15 |    14 ||    29
Evoke: Wand              |       |       |     1 |       ||     1
  Use: Potion            |       |     3 |       |       ||     3
       Scroll            |       |     4 |     2 |     6 ||    12
 Stab: Sleeping          |       |     1 |       |       ||     1
  Eat: Chunk             |     3 |     9 |    18 |    10 ||    40
       Ration            |       |       |       |     1 ||     1
Armor: Skin              |    24 |    64 |    76 |    47 ||   211
Dodge: Dodged            |    92 |   163 |   308 |   211 ||   774
